 Dungeon Crawl Stone Soup version 0.31.0-11-ge490571c62 (webtiles) character file.

Game seed: 14014729055313156086

616 qw the Ducker (level 7, -1/35 HPs)
             Began as a Spriggan Hunter on Feb 4, 2024.
             Incinerated by a bombardier beetle (3 damage)
             ... with a burning spray
             ... on level 4 of the Dungeon.
             The game lasted 00:00:29 (3086 turns).

qw the Ducker (Spriggan Hunter)                     Turns: 3086, Time: 00:00:30

Health: -1/35      AC:  2    Str:  7    XL:     7   Next: 21%
Magic:  0/8        EV: 22    Int: 10    God:
Gold:   73         SH:  0    Dex: 21    Spells: 6/6 levels left

rFire   . . .        a - +0 shortbow
rCold   . . .        (shield currently unavailable)
rNeg    . . .        c - +0 robe
rPois   .            (helmet restricted)
rElec   .            (no cloak)
rCorr   .            (gloves unavailable)
SInv    +            (boots unavailable)
Will    +....        f - amulet of guardian spirit
Stlth   +            (no ring)
HPRegen 0.25/turn    (no ring)
MPRegen 0.11/turn

%: guardian spirit
@: on fire, glowing, very quick
A: very small, no large weapons, unfitting armour, see invisible, speed 3
a: no special abilities


You were on level 4 of the Dungeon.
You visited 1 branch of the dungeon, and saw 4 of its levels.

You collected 157 gold pieces.
You spent 84 gold pieces at shops.


Innate Abilities, Weirdness & Mutations

You are very small and have problems with some larger weapons.
You are too small for most types of armour.
You have supernaturally acute eyesight. (SInv)
You cover ground extremely quickly. (Speed+++)


   Skills:
 - Level 2.2 Fighting
 + Level 6.9 Ranged Weapons
 - Level 7.1 Dodging
 - Level 1.5 Stealth


You had 6 spell levels left.
You didn't know any spells.
Your spell library was empty.

Inventory:

Hand Weapons
 a - a +0 shortbow (weapon)
Armour
 c - a +0 robe (worn)
Jewellery
 f - an amulet of guardian spirit (around neck)
 h - a ring of fire
 m - a +6 ring of intelligence
Wands
 i - a wand of flame (23)
 k - a wand of charming (6)
Scrolls
 d - a scroll of identify
Potions
 b - 2 potions of enlightenment
 e - 2 potions of curing
 g - 2 potions of heal wounds
 j - a potion of cancellation
 l - a potion of might

Dungeon Overview and Level Annotations

Branches:
Dungeon (4/15)
 Temple: D:4-7

Altars:
Elyvilon

Shops:
D:3 !


Message History

The bombardier beetle sprays incendiary fluid at you.
The burning spray misses you.
You shoot an arrow. The arrow hits the bombardier beetle.
The bombardier beetle is severely wounded.
You shoot an arrow.
The arrow hits the bombardier beetle but does no damage.
The bombardier beetle is severely wounded.
You shoot an arrow.
The arrow hits the bombardier beetle but does no damage.
The bombardier beetle is severely wounded.
You shoot an arrow.
The arrow barely misses the bombardier beetle.
The bombardier beetle sprays incendiary fluid at you.
The burning spray hits you.
You are covered in liquid fire!
You shoot an arrow. The arrow hits the bombardier beetle.
The bombardier beetle is almost dead.
The liquid fire burns you!
You shoot an arrow. The arrow hits the bombardier beetle!
You kill the bombardier beetle!
The liquid fire burns you!
You are on fire!
The liquid fire burns you!
You are on fire!
The liquid fire burns you!
You are on fire!
The liquid fire burns you!
You are on fire!
The liquid fire burns you!
You are on fire!
The liquid fire burns you!
You are on fire!
The liquid fire burns you!
You are on fire!
The liquid fire burns you!
You are on fire!
The liquid fire burns you!
You are on fire!
The liquid fire burns you!
You die...

#.....#...#.......
#.........##.#....
#......#.....#....
###..........>.+....
#............#.#....
#.......#%...#..#...
###.......##+## #
#.........#
#....@##### #....%#
#...... #...#...
#...#.... #...#.....
#...#....$. ###
#.......


There were no monsters in sight!

Vanquished Creatures
  Sigmund (D:3)
  A scorpion (D:4)
  2 bombardier beetles (D:4)
  A hound (D:4)
  Ijyb (D:3)
  Terence (D:3)
  3 iguanas (D:4)
  9 adders
  4 ribbon worms
  5 dart slugs
  7 orcs
  4 bats
  6 endoplasms
  A giant cockroach (D:1)
  9 goblins
  6 hobgoblins
  7 kobolds
  2 quokkas
  5 ball pythons
  A frilled lizard (D:1)
  4 rats
80 creatures vanquished.

Notes
Turn   | Place    | Note
-------+----------+-------------------------------------------
     0 | D:1      | qw the Spriggan Hunter began the quest for the Orb.
     0 | D:1      | Reached XP level 1. HP: 10/10 MP: 2/2
     0 | D:1      | 0 ||| qw: Version: 0.3-a-160-g6735b56
     0 | D:1      | 0 ||| qw: Game counter: 5880
     0 | D:1      | 0 ||| qw: Melee chars always use a shield: true
     0 | D:1      | 0 ||| qw: God list: Okawaru
     0 | D:1      | 0 ||| qw: Allow faded altars: false
     0 | D:1      | 0 ||| qw: Do Orc after clearing Dungeon:15 true
     0 | D:1      | 0 ||| qw: Do second Lair branch before Depths: true
     0 | D:1      | 0 ||| qw: Lair rune preference: random
     0 | D:1      | 0 ||| qw: Goals: Normal
     0 | D:1      | 0 ||| PLANNING D:1-11
    42 | D:1      | Reached skill level 3 in Dodging
   223 | D:1      | Reached XP level 2. HP: 14/14 MP: 3/3
   391 | D:1      | Reached skill level 4 in Dodging
   681 | D:1      | 681 ||| READING 6 scrolls labelled NILIEKL XOFUPN.
   681 | D:1      | 681 ||| IDENTIFYING fizzy brown potion
   682 | D:1      | 682 ||| READING 5 scrolls of identify.
   682 | D:1      | 682 ||| IDENTIFYING red potion
   683 | D:1      | 683 ||| READING 4 scrolls of identify.
   683 | D:1      | 683 ||| IDENTIFYING 2 scrolls labelled JIUFFOD NOAN
   684 | D:1      | 684 ||| DROPPING scroll of butterflies.
   685 | D:1      | 685 ||| DROPPING 2 scrolls of noise.
   707 | D:2      | Reached XP level 3. HP: 18/18 MP: 4/4
  1148 | D:2      | 1148 ||| READING 3 scrolls of identify.
  1148 | D:2      | 1148 ||| IDENTIFYING dark potion
  1151 | D:2      | Reached XP level 4. HP: 22/22 MP: 5/5
  1897 | D:2      | 1897 ||| READING 2 scrolls of identify.
  1897 | D:2      | 1897 ||| IDENTIFYING 2 puce potions
  1898 | D:2      | 1898 ||| DROPPING potion of lignification.
  2063 | D:3      | Noticed Sigmund
  2073 | D:3      | Killed Sigmund
  2074 | D:3      | Reached skill level 7 in Dodging
  2074 | D:3      | Reached XP level 5. HP: 20/25 MP: 6/6
  2127 | D:3      | Reached XP level 6. HP: 24/30 MP: 7/7
  2196 | D:3      | Noticed Terence
  2214 | D:3      | Killed Terence
  2289 | D:3      | Found Dutah's Distillery.
  2293 | D:3      | 2293 ||| BUYING potion of curing (36 gold).
  2293 | D:3      | Bought a potion of curing for 36 gold pieces
  2293 | D:3      | 2293 ||| SHOPLISTING potion of enlightenment (60 gold, have
                  | 50).
  2293 | D:3      | 2293 ||| SHOPLISTING potion of heal wounds (60 gold, have
                  | 50).
  2293 | D:3      | 2293 ||| BUYING potion of might (48 gold).
  2293 | D:3      | Bought a potion of might for 48 gold pieces
  2380 | D:3      | Found a white marble altar of Elyvilon.
  2582 | D:3      | Noticed Ijyb
  2583 | D:3      | 2583 ||| FLEEEEING.
  2584 | D:3      | 2584 ||| FLEEEEING.
  2586 | D:3      | 2586 ||| FLEEEEING.
  2587 | D:3      | 2587 ||| FLEEEEING.
  2588 | D:3      | 2588 ||| FLEEEEING.
  2589 | D:3      | 2589 ||| FLEEEEING.
  2590 | D:3      | 2590 ||| FLEEEEING.
  2591 | D:3      | 2591 ||| FLEEEEING.
  2592 | D:3      | 2592 ||| FLEEEEING.
  2593 | D:3      | 2593 ||| FLEEEEING.
  2595 | D:3      | 2595 ||| STAIRDANCE
  2611 | D:2      | 2611 ||| UPGRADING to amulet of guardian spirit.
  2616 | D:2      | 2616 ||| READING scroll of identify.
  2616 | D:2      | 2616 ||| IDENTIFYING silvery potion
  2617 | D:2      | 2617 ||| READING scroll labelled PAEMURGH ERUTT.
  2618 | D:2      | 2618 ||| READING scroll labelled JAJULYCICZI.
  2635 | D:3      | Killed Ijyb
  2874 | D:4      | Reached skill level 6 in Ranged Weapons
  3045 | D:4      | Reached XP level 7. HP: 35/35 MP: 8/8
  3084 | D:4      | HP: 6/35 [burnt (4)]
  3085 | D:4      | HP: 1/35 [burnt (5)]
  3086 | D:4      | Incinerated by a bombardier beetle

Levels and vault maps discovered:
D:1:      roderic_chinese_lattice_arrival, layout_basic
D:2:      kennysheep_the_goblin_king, layout_basic, serial_co_window_serial,
          co_window_paths_b, co_window_cross_1, co_window_paths_a,
          co_window_paths_a, co_window_corner_a, co_window_2corner,
          co_window_corner_b, co_window_unsneaky_path_c,
          co_window_unsneaky_path_c, co_window_corner_b, co_window_broadway_c,
          co_window_sun, co_window_4corner_a, glass_columns_b, glass_columns_a,
          glass_columns_c, glass_columns_b, glass_columns_b
D:3:      layout_basic, nicolae_elyvilon_temple_path, serial_shops,
          nicolae_shop_back_alley_shop, serial_park_tiny_1, uniq_sigmund,
          uniq_ijyb, uniq_terence
D:4:      layout_basic, mainiacjoe_overflow_alcove_2

Skill      XL: |  1  2  3  4  5  6 |
---------------+-------------------+-----
Dodging        | 3 4 7 |  7.1
Ranged Weapons | 5 6 |  6.9
Fighting       | 2 |  2.2
Stealth        | |  1.5

Action                     |  1- 3 |  4- 6 |  7- 9 || total
---------------------------+-------+-------+-------++-------
   Fire: Shortbow          |    82 |   186 |    17 ||   285
    Use: Scroll            |     4 |     4 |       ||     8
 Armour: Robe              |     5 |    22 |       ||    27
  Dodge: Dodged            |    13 |    71 |     2 ||    86

Table legend:
 A = Non-vault XP
 B = Vault XP
 C = Vault XP percentage of total XP
 D = Non-vault monster count
 E = Vault monster count
 F = Vault count percentage of total count
                 A         B        C        D         E       F
            +---------+---------+-------+---------+---------+-------
      Total |     564 |     316 |  35.9 |      70 |      10 |  12.5
            +---------+---------+-------+---------+---------+-------
        D:1 |      33 |       0 |   0.0 |      16 |       0 |   0.0
        D:2 |      69 |      13 |  15.9 |      17 |       7 |  29.2
        D:3 |      75 |     303 |  80.2 |      14 |       3 |  17.6
        D:4 |     387 |       0 |   0.0 |      23 |       0 |   0.0
            +---------+---------+-------+---------+---------+-------
